 Dungeon Crawl Stone Soup version 0.28.0-53-g5a82cb258f (webtiles) character file.

Game seed: 13915237103596134780

54518 Peloso the Fencer (level 14, -28/132 HPs)
             Began as a Minotaur Fighter on June 16, 2022.
             Was the Champion of Okawaru.
             Killed from afar by Jorgrun (51 damage)
             ... with an iron shot
             ... on level 2 of the Orcish Mines.
             The game lasted 00:40:53 (22592 turns).

Peloso the Fencer (Minotaur Fighter)               Turns: 22592, Time: 00:40:54

Health: -28/132    AC: 26    Str: 23    XL:     14   Next: 34%
Magic:  14/15      EV: 14    Int:  5    God:    Okawaru [******]
Gold:   1350       SH: 14    Dex: 13    Spells: 13/13 levels left

rFire   . . .      SeeInvis .   a - +8 scimitar "Dobusi" {drain, Will+}
rCold   + . .      Faith    .   e - +0 kite shield {reflect}
rNeg    . . .      Spirit   .   X - +1 chain mail {rC+}
rPois   +          Reflect  +   (helmet restricted)
rElec   .          Harm     .   z - +0 cloak
rCorr   .          Rampage  .   W - +3 pair of gauntlets of War {Slay+5}
Will    ++...                   (no boots)
Stlth   +.........              (no amulet)
HPRegen 0.32/turn               Z - +4 ring of protection
MPRegen 0.14/turn               F - ring of poison resistance

@: heroic
A: horns 2, retaliatory headbutt
a: Renounce Religion, Heroism, Finesse, Duel


You were on level 2 of the Orcish Mines.
You worshipped Okawaru.
Okawaru was exalted by your worship.
You visited 4 branches of the dungeon, and saw 19 of its levels.
You also visited: Sewer.

You collected 1440 gold pieces.
You spent 90 gold pieces at shops.

Inventory:

Hand Weapons
 a - the +8 scimitar "Dobusi" (weapon) {drain, Will+}
   (Okawaru gifted it to you on level 1 of the Lair of Beasts)

   A truly terrible weapon, it drains the life of any living foe it strikes.
   Will:      It increases your willpower.
 b - a +4 scimitar of flaming
 c - a +3 demon blade of draining
Armour
 e - a +0 kite shield of reflection (worn)
 y - +1 fire dragon scales
 z - a +0 cloak (worn)
 W - the +3 pair of gauntlets of War (worn) {Slay+5}
   (Okawaru gifted it to you on level 2 of the Lair of Beasts)

   Slay:      It affects your accuracy & damage with ranged weapons and melee
   (+5).
 X - a +1 chain mail of cold resistance (worn)
Jewellery
 k - an amulet of the acrobat
 q - a +4 ring of evasion
 E - a +6 ring of strength
 F - a ring of poison resistance (right hand)
 G - a ring of positive energy
 M - an amulet of magic regeneration
 O - an amulet of reflection
 S - a ring of ice
 V - a +4 ring of evasion
 Y - a ring of flight
 Z - a +4 ring of protection (left hand)
Wands
 u - a wand of iceblast (21)
 D - a wand of flame (17)
 I - a wand of polymorph (8)
 R - a wand of acid (3)
Scrolls
 h - 3 scrolls of enchant weapon
 i - 4 scrolls of enchant armour
 l - 2 scrolls of holy word
 m - a scroll of summoning
 n - 2 scrolls of blinking
 s - 3 scrolls of magic mapping
 v - 11 scrolls of teleportation
 w - 2 scrolls of brand weapon
 A - 4 scrolls of fog
 B - a scroll of fear
 C - a scroll of acquirement
 N - a scroll of amnesia
Potions
 d - 2 potions of might
 f - 3 potions of mutation
 g - 6 potions of curing
 j - a potion of cancellation
 o - 8 potions of heal wounds
 r - 2 potions of berserk rage
 t - 4 potions of flight {unknown}
 x - 5 potions of ambrosia {unknown}
 J - a potion of resistance {unknown}
 K - 2 potions of magic {unknown}
 L - 2 potions of lignification {unknown}
 P - 3 potions of brilliance {unknown}
 U - a potion of haste {unknown}
Miscellaneous
 T - a piece from Xom's chessboard (15/15)


   Skills:
 + Level 14.0(19.0) Fighting
 + Level 17.0(22.0) Long Blades
 + Level 14.0(19.0) Armour
 + Level 9.8(14.8) Dodging
 + Level 3.1(8.1) Stealth
 + Level 11.6(16.6) Shields
 + Level 3.3 Invocations
 + Level 1.4 Evocations


You had 13 spell levels left.
You didn't know any spells.
Your spell library contained the following spells:

 Spells                   Type           Power      Damage    Failure   Level
 Foxfire                  Conj/Fire      0%         2x1d4     97%         1
 Conjure Flame            Conj/Fire      0%         6-21      100%        3
 Dazzling Flash           Conj/Hex       0%         N/A       100%        3
 Ignite Poison            Fire/Tmut/Pois 0%         N/A       100%        3
 Inner Flame              Hex/Fire       0%         N/A       100%        3
 Portal Projectile        Hex/Tloc       0%         N/A       100%        3
 Flame Wave               Conj/Fire      0%         2d4       100%        4
 Iskenderun's Mystic Bla  Conj/Tloc      0%         2d3       100%        4
 Sticky Flame             Conj/Fire      0%         2d3       100%        4
 Blade Hands              Tmut           0%         N/A       100%        5
 Excruciating Wounds      Necr           0%         N/A       100%        5
 Starburst                Conj/Fire      0%         6d3       100%        6
 Malign Gateway           Summ/Tloc      Unusable   N/A       N/A         7
 Summon Horrible Things   Summ           Unusable   N/A       N/A         8

Dungeon Overview and Level Annotations

Branches:
Dungeon (13/15)            Temple (1/1) D:7            Lair (3/6) D:11
 Shoals (0/4) Lair:2        Snake (0/4) Lair:3          Orc (2/2) D:12
 Vaults (0/5) D:13          Sewer (visited)
    Elf: Orc:2

Altars:
Cheibriados
Elyvilon
Fedhas
Hepliaklqana
Kikubaaqudgha
Makhleb
Nemelex Xobeh
Okawaru
Qazlal
Uskayaw
Wu Jian
Yredelemnul
Zin
The Shining One
Beogh

Shops:
Orc:1 ?

Annotations:
D:4 Flight
D:9 1 transporter
D:11 1 runed translucent door, qipq's ghost, journeyman OpFi
Orc:2 Jorgrun


Innate Abilities, Weirdness & Mutations

You have a pair of horns on your head.
You reflexively headbutt those who attack you in melee.


Message History

Things that are here:
a +0 short sword; a +0 chain mail You slice the orc warrior!!
The orc warrior is severely wounded.
The orc warrior hits you but does no damage.
You slice the orc warrior!!
You kill the orc warrior!
Okawaru accepts your kill.
You slash the orc!
You kill the orc!
Jorgrun gestures at you while chanting. The iron shot misses you.
Items here: $ )) [[.
Jorgrun gestures at you while chanting. The iron shot hits you!!!
You gain the combat prowess of a mighty hero.
An orc priest comes into view. It is wielding a +0 dagger.
Jorgrun hits you but does no damage.
You slice Jorgrun!!
Jorgrun is moderately wounded.
Jorgrun hits you with a staff of earth.
You slice Jorgrun!! You headbutt Jorgrun!
Jorgrun is heavily wounded.
Jorgrun hits you but does no damage.
You barely miss Jorgrun.
Jorgrun is heavily wounded.
You completely miss Jorgrun. You headbutt Jorgrun.
Jorgrun is heavily wounded.
Jorgrun points at you and mumbles some strange words.
The iron shot hits you!!
You completely miss Jorgrun. You headbutt Jorgrun!
Jorgrun is heavily wounded.
Jorgrun hits you with a staff of earth. Jorgrun shatters you!!
* * * LOW HITPOINT WARNING * * *
You slash Jorgrun! You headbutt Jorgrun.
Jorgrun is severely wounded.
The orc priest hits you but does no damage.
Jorgrun gestures at you while chanting. The iron shot hits you!!!
You die...

###### .. #...
##.##..# ....
#...#..# .....
#...#..#......
#.....#.....#
#.....#....#
##.#og#..#
#....@...#
##.......# #
##....)...# #
#.....)#..# #
#...#).#....#
..
#.....)#.....#
.. #....#..#
.....
##.###..#
..... ## #..##
....


You could see Jorgrun and an orc priest.

Vanquished Creatures
  Rupert (Orc:2)
  Donald (Orc:2)
  Nessos (Orc:2)
  Snorg (D:11)
  A rakshasa (D:13)
  5 hydras
  A boulder beetle (Lair:3)
  2 centaur warriors (D:13)
  A vault guard (D:13)
  Erica (D:8)
  4 two-headed ogres
  An orc high priest (Orc:2)
  6 death yaks
  Sonja (D:10)
  4 skeletal warriors (D:11)
  A swamp dragon (Lair:3)
  Pikel (D:8)
  2 orc knights
  A deep elf pyromancer (D:13)
  5 orc sorcerers
  3 ugly things
  13 slime creatures
  A cyclops (D:11)
  A torpor snail (Lair:2)
  A black mamba (Lair:3)
  A gargoyle (D:13)
  8 cane toads
  Psyche (D:12)
  3 rime drakes
  An efreet (D:13)
  An unseen horror (D:12)
  4 komodo dragons
  4 trolls
  A polar bear (Lair:2)
  3 hornets
  13 blink frogs
  19 yaks
  6 shadows
  7 wyverns
  4 basilisks
  10 humans (D:13)
  A wraith (D:13)
  Grum (D:8)
  A steam dragon (D:7)
  9 vampire mosquitoes
  Edmund (D:6)
  A warg (Orc:1)
  A naga (shapeshifter) (D:13)
  4 acid dragons
  3 nagas (Lair:3)
  8 water moccasins
  14 orc warriors
  An ice beast (D:6)
  A black bear (D:6)
  2 necrophages
  4 sky beasts
  An ogre (Orc:1)
  13 wolves
  5 centaurs
  2 phantoms
  3 lemures (D:8)
  2 kobold brigands
  A scorpion (D:6)
  A gnoll sergeant (D:11)
  6 bullfrogs
  5 wights (D:9)
  12 killer bees
  6 howler monkeys
  An electric eel (D:13)
  A bullfrog zombie (D:6)
  4 centaur zombies
  A hound (D:7)
  5 jellies
  A gnoll shaman (D:10)
  11 orc priests
  3 iguanas
  Ijyb (D:5)
  A centaur skeleton (D:5)
  Natasha (twice) (D:4)
  21 orc wizards
  A killer bee zombie (D:8)
  A howler monkey zombie (D:9)
  A hound skeleton (D:4)
  8 gnolls
  10 adders
  4 river rats
  A white imp (D:6)
  2 ufetubi
  A worm (D:3)
  A dart slug (D:5)
  35 orcs
  2 bats
  12 endoplasms
  7 giant cockroaches
  8 goblins
  5 hobgoblins
  5 quokkas
  7 ball pythons
  8 frilled lizards
  14 kobolds
  7 rats
447 creatures vanquished.

Vanquished Creatures (others)
  A human (D:13)
  2 bushes (Lair:2)
  9 fungi
  58 plants
70 creatures vanquished.

Grand Total: 517 creatures vanquished

Notes
Turn   | Place    | Note
-------+----------+-------------------------------------------
     0 | D:1      | Peloso the Minotaur Fighter began the quest for the Orb.
     0 | D:1      | Reached XP level 1. HP: 19/19 MP: 0/0
   505 | D:1      | Reached XP level 2. HP: 27/27 MP: 1/1
   966 | D:2      | Reached XP level 3. HP: 33/33 MP: 2/2
   982 | D:2      | Reached skill level 3 in Long Blades
  1443 | D:3      | Found a burning altar of Makhleb.
  1462 | D:3      | Reached skill level 4 in Long Blades
  1462 | D:3      | Reached XP level 4. HP: 24/40 MP: 3/3
  1725 | D:3      | Reached skill level 1 in Dodging
  1729 | D:3      | Reached XP level 5. HP: 40/47 MP: 4/4
  1735 | D:3      | Found a glowing drain.
  1741 | Sewer    | Entered a sewer
  1932 | Sewer    | Reached skill level 5 in Long Blades
  2056 | Sewer    | Found a shimmering altar of Xom.
  2081 | Sewer    | Reached XP level 6. HP: 53/53 MP: 5/5
  2290 | D:3      | Found a stormy altar of Qazlal.
  2293 | D:3      | Found a blossoming altar of Fedhas.
  2296 | D:3      | Found an ancient bone altar of Kikubaaqudgha.
  2299 | D:3      | Found a white marble altar of Elyvilon.
  2588 | D:3      | Found a snail-covered altar of Cheibriados.
  2681 | D:4      | Noticed a sky beast
  2836 | D:3      | Killed a sky beast
  2837 | D:3      | Reached skill level 6 in Long Blades
  2977 | D:4      | Reached skill level 5 in Armour
  3329 | D:4      | Noticed Natasha
  3335 | D:4      | Killed Natasha
  3336 | D:4      | Reached XP level 7. HP: 54/60 MP: 6/6
  3371 | D:4      | Reached skill level 5 in Fighting
  3598 | D:4      | Noticed Natasha
  3608 | D:4      | Killed Natasha
  3708 | D:4      | Found an ornate altar of the Wu Jian Council.
  3925 | D:5      | Entered Level 5 of the Dungeon
  4486 | D:5      | Reached skill level 5 in Shields
  4641 | D:5      | Reached skill level 7 in Long Blades
  4746 | D:5      | Reached XP level 8. HP: 69/69 MP: 7/7
  4756 | D:5      | Noticed Ijyb
  4764 | D:5      | Killed Ijyb
  4765 | D:5      | Reached skill level 8 in Long Blades
  5837 | D:6      | Noticed Edmund
  5855 | D:6      | Reached skill level 9 in Long Blades
  5873 | D:6      | Killed Edmund
  6487 | D:7      | Reached XP level 9. HP: 78/78 MP: 8/8
  6541 | D:7      | Found a staircase to the Ecumenical Temple.
  6555 | Temple   | Entered the Ecumenical Temple
  6567 | Temple   | Became a worshipper of Warmaster Okawaru
  6588 | D:7      | Reached skill level 1 in Stealth
  6760 | D:7      | Reached * piety under Okawaru
  6761 | D:7      | Reached skill level 10 in Long Blades
  6825 | D:7      | Found a basalt altar of Yredelemnul.
  6939 | D:7      | Found a hazy altar of Hepliaklqana.
  7104 | D:8      | Noticed Pikel
  7125 | D:8      | Killed Pikel
  7275 | D:8      | Noticed a two-headed ogre
  7286 | D:8      | Killed a two-headed ogre
  7286 | D:8      | Reached ** piety under Okawaru
  7287 | D:8      | Reached skill level 11 in Long Blades
  7287 | D:8      | Reached skill level 5 in Dodging
  7287 | D:8      | Reached XP level 10. HP: 73/88 MP: 6/9
  7434 | D:8      | Noticed Grum
  7460 | D:8      | Killed Grum
  8132 | D:8      | Noticed Erica
  8136 | D:8      | Noticed a green ugly thing
  8149 | D:8      | Killed Erica
  8160 | D:8      | Killed a green ugly thing
  8160 | D:8      | Reached *** piety under Okawaru
  8161 | D:8      | Reached skill level 12 in Long Blades
  8875 | D:9      | Noticed a two-headed ogre
  8891 | D:9      | Killed a two-headed ogre
  9418 | D:9      | Reached **** piety under Okawaru
  9419 | D:9      | Reached skill level 10 in Armour
  9441 | D:9      | Found a hide-covered altar of Uskayaw.
  9579 | D:9      | Found a sparkling altar of Nemelex Xobeh.
  9579 | D:9      | Found a transporter.
  9580 | D:9      | Noticed a centaur warrior
  9717 | D:10     | Entered Level 10 of the Dungeon
  9814 | D:10     | Reached XP level 11. HP: 84/95 MP: 10/10
 10036 | D:10     | Identified the +2 rapier of Action {venom, *Corrode rElec
                  | Str+3}
 10079 | D:10     | Noticed Sonja
 10090 | D:10     | Killed Sonja
 10093 | D:10     | Noticed a two-headed ogre
 10101 | D:10     | Killed a two-headed ogre
 10102 | D:10     | Reached skill level 13 in Long Blades
 10590 | D:11     | Reached skill level 1 in Invocations
 10979 | D:11     | Found a staircase to the Lair.
 11130 | D:11     | Noticed a skeletal warrior
 11154 | D:11     | Killed a skeletal warrior
 11154 | D:11     | Reached ***** piety under Okawaru
 11174 | D:11     | Noticed a skeletal warrior
 11193 | D:11     | Killed a skeletal warrior
 11447 | D:11     | Noticed a skeletal warrior
 11486 | D:11     | Killed a skeletal warrior
 11491 | D:11     | Noticed a skeletal warrior
 11805 | D:11     | Killed a skeletal warrior
 11953 | D:11     | Found a runed translucent door.
 12013 | D:11     | Reached skill level 10 in Fighting
 12114 | D:11     | Noticed Snorg
 12130 | D:11     | Killed Snorg
 12133 | D:11     | Noticed qipq's ghost (journeyman OpFi)
 12322 | D:11     | Noticed a seven-headed hydra
 12333 | D:11     | Killed a two-headed hydra
 12355 | D:11     | Reached XP level 12. HP: 59/107 MP: 13/13
 12696 | D:11     | Identified a scroll of acquirement
 13026 | Lair:1   | Entered Level 1 of the Lair of Beasts
 13100 | Lair:1   | Reached skill level 14 in Long Blades
 13805 | Lair:1   | Noticed a five-headed hydra
 13814 | Lair:1   | Killed a one-headed hydra
 13894 | Lair:1   | Noticed an eight-headed hydra
 13904 | Lair:1   | Killed a four-headed hydra
 14141 | Lair:1   | Identified the +8 scimitar "Dobusi" {drain, Will+} (Okawaru
                  | gifted it to you on level 1 of the Lair of Beasts)
 14141 | Lair:1   | Received a gift from Okawaru
 14884 | Lair:2   | Noticed a death yak
 14897 | Lair:2   | Killed a death yak
 14904 | Lair:2   | Reached skill level 15 in Long Blades
 15276 | Lair:2   | Found a staircase to the Shoals.
 15517 | Lair:2   | Noticed a death yak
 15517 | Lair:2   | Noticed a death yak
 15518 | Lair:2   | Noticed a death yak
 15519 | Lair:2   | Noticed a death yak
 15520 | Lair:2   | Noticed a death yak
 15601 | Lair:2   | Killed a death yak
 15613 | Lair:1   | Killed a death yak
 15614 | Lair:1   | Reached skill level 10 in Shields
 15614 | Lair:1   | Reached XP level 13. HP: 84/117 MP: 14/14
 15816 | Lair:2   | Received a gift from Okawaru
 15816 | Lair:2   | Found the +3 pair of gauntlets of War {Slay+5}
 16703 | Lair:3   | Found a staircase to the Snake Pit.
 16963 | Lair:3   | Reached skill level 16 in Long Blades
 17650 | D:12     | Found a staircase to the Orcish Mines.
 18344 | D:12     | Noticed Psyche
 18349 | D:12     | Killed Psyche
 19027 | D:13     | Reached ****** piety under Okawaru
 19212 | D:13     | Reached skill level 1 in Evocations
 19352 | D:13     | Received a gift from Okawaru
 19903 | D:13     | Found a gate to the Vaults.
 19942 | D:13     | Identified the +4 glaive of the Saving Hummingbird {flame,
                  | *Slow rN++ rCorr Int-4}
 20013 | D:13     | Found a glowing golden altar of the Shining One.
 20282 | D:13     | Reached XP level 14. HP: 120/129 MP: 15/15
 20929 | Orc:1    | Entered Level 1 of the Orcish Mines
 20968 | Orc:1    | Found Mavoa's Magic Scroll Boutique.
 20982 | Orc:1    | Bought a scroll of magic mapping for 42 gold pieces
 20995 | Orc:1    | Bought a scroll of identify for 24 gold pieces
 20995 | Orc:1    | Bought a scroll of identify for 24 gold pieces
 21376 | Orc:2    | Entered Level 2 of the Orcish Mines
 21382 | Orc:2    | Noticed Nessos
 21392 | Orc:2    | Killed Nessos
 21543 | Orc:2    | Noticed Donald
 21552 | Orc:2    | Killed Donald
 21552 | Orc:2    | Received a gift from Okawaru
 21662 | Orc:2    | Paralysed by an orc sorcerer for 2 turns
 21672 | Orc:2    | Noticed Rupert
 21990 | Orc:2    | Killed Rupert
 22486 | Orc:2    | Reached skill level 17 in Long Blades
 22579 | Orc:2    | Noticed Jorgrun
 22592 | Orc:2    | Killed from afar by Jorgrun

Illustrated notes

Levels and vault maps discovered:
D:1:      lightli_arrival_statuegarden, layout_loops_ring
D:2:      layout_rooms
D:3:      layout_basic, cheibriados_altar_1, mainiacjoe_overflow_catwalk,
          grunt_temple_overflow_cloverleaf, gup_sewer_entry_bubbles,
          minmay_ruptured
D:4:      layout_cave_pods, nicolae_wu_jian_glorious_leap, uniq_natasha
D:5:      layout_layer_cave, uniq_ijyb
D:6:      layout_basic, uniq_edmund
D:7:      layout_cave_pools, mainiacjoe_overflow_six_doors_small,
          kennysheep_mini_moat, minmay_temple_entry_slanted
D:8:      layout_loops_ring, kennysheep_pointless_box, eino_jars, uniq_grum,
          uniq_pikel, uniq_erica
D:9:      layout_long_grid, grunt_nemelex_the_gamble, general_overflow_altar
D:10:     layout_irregular_city, uniq_sonja
D:11:     layout_irregular_city, minmay_lair_entry_grove,
          ebering_ghost_reflecting_pool, minmay_starry_boxes, uniq_snorg
D:12:     layout_basic, orc_0_dummy, uniq_psyche
D:13:     layout_basic, ximxim_vaults_locker_room, nicolae_tso_carved_into_rock
Temple:   jpeg_temple_clearing
Lair:1:   layout_cave_pods, small_statue_intersection,
          amcnicky_mini_pool_medium, serial_bayou_shore_a, serial_bayou_shore_b
Lair:2:   nzn_winding_woodlands_small [nzn_winding_woodlands_5x15_longhouse,
          nzn_winding_woodlands_center_pierced_h,
          nzn_winding_woodlands_5x15_garden], layout_gridlike,
          shoals_dummy_entry, st_stairs_8, chequers_serial_rivers_small_b,
          nicolae_lair_grazing_beasts [nicolae_sub_lair_graze_edge,
          nicolae_sub_lair_graze_edge, nicolae_sub_lair_graze_edge,
          nicolae_sub_lair_graze_edge]
Lair:3:   layout_loops_ring, guppyfry_snake_entry_garden,
          chequers_serial_rivers_small_b, pond, infiniplex_staircase_pool
Orc:1:    giant_chief_lemuel, layout_caves, serial_shops,
          nicolae_shop_advertising_works [nicolae_subvault_shop_adworks],
          basic_altar, nicolae_orc_damp_corner
Orc:2:    st_orc_mages, layout_caves, gammafunk_ghost_grave, uniq_nessos,
          uniq_jorgrun, uniq_donald, uniq_rupert

Skill      XL: |  1  2  3  4  5  6  7  8  9 10 11 12 13 14 |
---------------+-------------------------------------------+-----
Fighting       | 4 5 6 7 8 10 11 13 14 | 14.0
Armour         | 4 5 6 7 8 10 11 12 13 14 | 14.0
Long Blades    | 4 5 6 7 9 11 12 13 15 16 17 | 17.0
Shields        | 4 5 6 7 8 10 11 | 11.6
Dodging        | 1 2 3 5 6 7 8 9 |  9.8
Stealth        | 1 2 3 |  3.1
Invocations    | 2 3 |  3.3
Evocations     | 1 |  1.4

Action                   |  1- 3 |  4- 6 |  7- 9 | 10-12 | 13-15 || total
-------------------------+-------+-------+-------+-------+-------++-------
Melee: Long sword        |    86 |   100 |       |       |       ||   186
       Headbutt          |    10 |    21 |    54 |   135 |    97 ||   317
       Falchion          |       |    57 |   304 |   460 |       ||   821
       Scimitar          |       |       |       |   157 |   380 ||   537
Invok: Heroism           |       |       |     1 |    14 |     5 ||    20
       Finesse           |       |       |       |     3 |       ||     3
Evoke: Wand              |       |       |       |     3 |     6 ||     9
  Use: Scroll            |     2 |       |     4 |    12 |     4 ||    22
       Potion            |       |       |       |     4 |       ||     4
Armor: Scale mail        |    49 |   124 |   143 |   221 |    32 ||   569
       Chain mail        |       |       |       |       |   138 ||   138
Dodge: Dodged            |    39 |    96 |   124 |   312 |   142 ||   713
Block: Buckler           |    21 |    43 |    49 |   165 |    43 ||   321
       Tower shield      |       |       |       |       |    74 ||    74
       Kite shield       |       |       |       |       |    41 ||    41
       Reflection        |       |       |       |       |     2 ||     2
